 Dungeon Crawl Stone Soup version 0.21-a0-91-ga5031da (webtiles) character file.

26420 Spazmo the Thaumaturge (level 12, 0/68 HPs)
             Began as a Deep Elf Fire Elementalist on June 27, 2017.
             Was a High Priest of Vehumet.
             Slain by a five-headed hydra (4 damage)
             ... on level 6 of the Lair of Beasts on June 29, 2017.
             The game lasted 01:22:41 (13699 turns).

Spazmo the Thaumaturge (DEFE)                      Turns: 13699, Time: 01:22:41

Health: 0/68       AC: 14    Str:  5    XL:     12   Next: 98%
Magic:  15/30      EV: 18    Int: 26    God:    Vehumet [*****.]
Gold:   541        SH:  5    Dex: 18    Spells: 4/36 levels left

rFire    + . .     SeeInvis .   s - +2 short sword (elec)
rCold    + . .     Gourm    .   h - +0 buckler
rNeg     . . .     Faith    .   T - +2 robe {MR+}
rPois    +         Spirit   .   C - +1 helmet
rElec    .         Reflect  .   x - scarf {rC+ rF+}
rCorr    .         Harm     .   S - +1 pair of gloves {Dex+3}
MR       +++..                  f - +1 pair of boots
Stlth    ++........             y - amulet of magic regeneration
HPRegen  0.21/turn              n - ring of poison resistance
MPRegen  0.47/turn              F - ring of protection from magic

@: no status effects
A: icy blue scales 1, thin metallic scales 1
a: Renounce Religion


You were on level 6 of the Lair of Beasts.
You worshipped Vehumet.
Vehumet was extremely pleased with you.
You were hungry.

You visited 3 branches of the dungeon, and saw 17 of its levels.

You collected 1027 gold pieces.
You spent 486 gold pieces at shops.

Inventory:

Hand Weapons
 s - a +2 short sword of electrocution (weapon)
Missiles
 l - 309 stones (quivered)
Armour
 f - a +1 pair of boots (worn)
 h - a +0 buckler (worn)
 x - a scarf of resistance (worn)
 C - a +1 helmet (worn)
 I - the +1 robe of Action {rN+}
   (You found it on level 8 of the Dungeon)

   It protects you from negative energy.
 S - a +1 pair of gloves of dexterity (worn)
 T - a +2 robe of magic resistance (worn)
Magical Staves
 U - an uncursed staff of cold
Jewellery
 n - a ring of poison resistance (left hand)
 o - an uncursed ring of positive energy
 y - an amulet of magic regeneration (around neck)
 F - a ring of protection from magic (right hand)
 G - an uncursed ring of wizardry
Wands
 m - a wand of iceblast (8/15)
 z - a wand of acid (8/15)
 A - a wand of lightning (8/15)
Scrolls
 a - 2 scrolls of blinking
 j - a scroll of enchant weapon
 k - 7 scrolls of remove curse
 q - 4 scrolls of teleportation
 t - 3 scrolls of identify
 H - 2 scrolls of recharging
 L - 3 scrolls of magic mapping
 O - a scroll of holy word
 V - 2 scrolls of amnesia
 W - a scroll of fear
 Y - a scroll of summoning
Potions
 e - 2 potions of flight
 i - 2 potions of brilliance
 p - 4 potions of magic
 r - 4 potions of mutation
 w - 2 potions of agility
 B - 2 potions of curing
 D - 3 potions of haste
 E - a potion of invisibility
 J - 2 potions of ambrosia
 K - a potion of resistance
Books
 b - a book of Flames

   Spells                             Type                      Level
   a - Flame Tongue                   Conjuration/Fire             1
   b - Throw Flame                    Conjuration/Fire             2
   c - Conjure Flame                  Conjuration/Fire             3
   d - Inner Flame                    Hexes/Fire                   3
   e - Sticky Flame                   Conjuration/Fire             4
   f - Fireball                       Conjuration/Fire             5
 u - a book of the Earth

   Spells                             Type                      Level
   a - Leda's Liquefaction            Hexes/Earth                  4
   b - Bolt of Magma                  Conjuration/Fire/Earth       5
   c - Statue Form                    Transmutation/Earth          6
   d - Iron Shot                      Conjuration/Earth            6
   e - Shatter                        Earth                        9
Comestibles
 c - 12 bread rations
 d - 7 royal jellies
 g - 14 fruits
 v - 8 meat rations
 M - a chunk of flesh


   Skills:
 - Level 5.0 Fighting
 - Level 8.0 Dodging
 - Level 2.4 Stealth
 - Level 4.0 Shields
 + Level 12.6 Spellcasting
 * Level 12.2 Conjurations
 * Level 11.9 Fire Magic
 - Level 8.2 Earth Magic


You had 4 spell levels left.
You knew the following spells:

 Your Spells              Type           Power        Failure   Level  Hunger
a - Flame Tongue          Conj/Fire      #####        0%          1    None
b - Throw Flame           Conj/Fire      ######       1%          2    None
c - Conjure Flame         Conj/Fire      ######..     1%          3    None
d - Sticky Flame          Conj/Fire      ######..     1%          4    None
e - Fireball              Conj/Fire      ######....   1%          5    ###....
f - Mephitic Cloud        Conj/Pois/Air  #####...     1%          3    None
g - Stone Arrow           Conj/Erth      ######       1%          3    None
h - Bolt of Magma         Conj/Fire/Erth ######....   1%          5    ###....
i - Iron Shot             Conj/Erth      ######....   2%          6    #####..


Dungeon Overview and Level Annotations

Branches:
Dungeon (10/15)            Temple (1/1) D:5            Lair (6/6) D:8
  Swamp (0/4) Lair:2        Snake (0/4) Lair:4        Slime (0/5) Lair:5
    Orc: D:9-12

Altars:
Ashenzari
Cheibriados
Gozag
Hepliaklqana
Nemelex Xobeh
Qazlal
Ru
Sif Muna
Trog
Vehumet
Xom
Yredelemnul
Zin
The Shining One

Shops:
D:8 [   D:10 :[


Innate Abilities, Weirdness & Mutations

You are partially covered in icy blue scales. (AC +2)
You are partially covered in thin metallic scales. (AC +2)


Message History

The five-headed hydra is heavily wounded.
The five-headed hydra burns!
The five-headed hydra bites you! x2
You block the five-headed hydra's attack.
The five-headed hydra bites you!
* * * LOW HITPOINT WARNING * * *
The five-headed hydra misses you.
Casting: Iron Shot
Confirm with . or Enter, or press ? or * to list all spells.
Aiming: Iron Shot
Press: ? - help, Shift-Dir - straight line, f/p - five-headed hydra
Aim: a five-headed hydra (heavily wounded, covered in liquid flames)
The iron shot misses the five-headed hydra.
You are feeling hungry.
The five-headed hydra burns!
The five-headed hydra completely misses you.
You block the five-headed hydra's attack.
The five-headed hydra bites you!
* * * LOW HITPOINT WARNING * * *
The five-headed hydra bites you.
You die...

#...#.................##
........................
........................
P.......................
......#...PP............
....##...PPPP.........##
......#....P............
.....#.##...P###...P....
......#.#...P# #@.......
..≈..###....P..D........
≈§≈§.. #................
§§≈... ..............##
§§ ....#P......##
..(####....## .## #.....
#......


You could see a five-headed hydra (burning).

Vanquished Creatures
  Josephine (Lair:4)
  2 hydras
  2 two-headed ogres
  An oklob plant (Lair:5)
  A centaur zombie (D:7)
  3 black mambas
  6 spiny frogs
  2 rime drakes
  5 komodo dragons
  3 trolls
  Prince Ribbit (Lair:2)
  7 hippogriffs
  18 blink frogs
  3 slime creatures (Lair:5)
  3 wraiths (Lair:4)
  A wyvern (D:9)
  18 yaks
  A steam dragon (D:8)
  A basilisk (Lair:2)
  6 vampire mosquitoes (Lair:2)
  An acid dragon (D:10)
  5 nagas (Lair:4)
  2 orc warriors (D:10)
  5 porcupines
  6 water moccasins
  2 ice beasts
  2 black bears
  An eye of draining (D:10)
  A sky beast (D:9)
  2 necrophages
  3 ogres
  4 wolves (Lair:4)
  12 centaurs
  8 crocodiles
  A big kobold (D:9)
  A gnoll sergeant (D:10)
  A wyvern zombie (D:9)
  8 bullfrogs
  2 scorpions
  A water moccasin skeleton (D:6)
  4 howler monkeys
  5 electric eels
  4 crimson imps
  3 bullfrog zombies
  6 hounds
  5 jellies
  A bullfrog skeleton (D:9)
  2 orc priests
  12 orc wizards
  A centaur skeleton (D:8)
  An iguana (D:4)
  4 hell rats (Lair:4)
  6 worker ants
  2 hound skeletons
  A worker ant zombie (D:8)
  Robin (D:3)
  8 gnolls
  13 adders
  2 shadow imps
  9 oozes
  An adder skeleton (D:8)
  A worm (D:2)
  A dart slug (D:3)
  9 leopard geckos
  49 orcs
  8 bats
  7 giant cockroaches
  18 goblins
  10 hobgoblins
  5 jackals (D:5)
  6 quokkas
  2 ball pythons
  4 frilled lizards
  20 kobolds
  6 rats
  A bush (Lair:5)
  A fungus (Lair:5)
  A plant (Lair:5)
393 creatures vanquished.

Vanquished Creatures (others)
  A yak (D:10)
  3 fungi (Lair:5)
  3 plants (Lair:5)
  11 toadstools (D:4)
18 creatures vanquished.

Grand Total: 411 creatures vanquished

Notes
Turn   | Place    | Note
-------+----------+-------------------------------------------
     0 | D:1      | Spazmo the Deep Elf Fire Elementalist began the quest for the Orb.
     0 | D:1      | Reached XP level 1. HP: 10/10 MP: 6/6
   168 | D:1      | Reached XP level 2. HP: 15/15 MP: 4/8
   172 | D:1      | Learned a level 2 spell: Throw Flame
   618 | D:1      | Reached XP level 3. HP: 20/20 MP: 7/9
   727 | D:2      | Found a shimmering altar of Xom.
   872 | D:2      | Found a bloodstained altar of Trog.
  1289 | D:2      | Upgraded the game from 0.21-a0-89-g54e4307 to 0.21-a0-91-ga5031da
  1592 | D:3      | Reached skill level 1 in Fighting
  1592 | D:3      | Reached XP level 4. HP: 25/25 MP: 7/11
  1597 | D:3      | Learned a level 3 spell: Conjure Flame
  1602 | D:3      | Learned a level 4 spell: Sticky Flame
  1718 | D:3      | Noticed Robin
  1720 | D:3      | Killed Robin
  2042 | D:3      | Reached XP level 5. HP: 15/29 MP: 7/12
  2236 | D:3      | Found a glowing golden altar of the Shining One.
  2638 | D:4      | Found a sparkling altar of Nemelex Xobeh.
  2932 | D:4      | Reached skill level 1 in Shields
  2932 | D:4      | Reached XP level 6. HP: 28/34 MP: 6/14
  3148 | D:4      | Reached skill level 5 in Spellcasting
  3148 | D:4      | Reached skill level 5 in Fire Magic
  3153 | D:4      | Reached XP level 7. HP: 22/39 MP: 1/16
  3560 | D:5      | Entered Level 5 of the Dungeon
  3913 | D:5      | Found a staircase to the Ecumenical Temple.
  3930 | D:5      | Learned a level 5 spell: Fireball
  3940 | Temple   | Entered the Ecumenical Temple
  3955 | Temple   | Became a worshipper of Vehumet
  4113 | D:5      | Found a deep blue altar of Sif Muna.
  4258 | D:5      | Reached XP level 8. HP: 40/44 MP: 15/19
  4564 | D:6      | Reached skill level 5 in Dodging
  4564 | D:6      | Reached skill level 5 in Conjurations
  4892 | D:6      | Reached * piety under Vehumet
  4892 | D:6      | Offered knowledge of Sting by Vehumet.
  4998 | D:6      | Found a hazy altar of Hepliaklqana.
  5239 | D:7      | Reached XP level 9. HP: 39/49 MP: 11/22
  5565 | D:7      | Found a shattered altar of Ashenzari.
  5929 | D:8      | Got an opalescent robe
  5930 | D:8      | Identified the cursed +1 robe of Action {rN+} (You found it on level 8 of the Dungeon)
  6002 | D:8      | Reached ** piety under Vehumet
  6050 | D:8      | Offered knowledge of Throw Frost by Vehumet.
  6108 | D:8      | Found a staircase to the Lair.
  6115 | D:8      | Found a snail-covered altar of Cheibriados.
  6188 | D:8      | Found Byxzuh's Armour Emporium.
  6659 | D:9      | Noticed a troll
  6665 | D:9      | Killed a troll
  6665 | D:9      | Reached XP level 10. HP: 56/56 MP: 16/25
  6703 | D:9      | Noticed an angel
  6704 | D:9      | Found a glowing silver altar of Zin.
  6743 | D:9      | Noticed a two-headed ogre
  6775 | D:9      | Killed a two-headed ogre
  6867 | D:9      | Found a sacrificial altar of Ru.
  7030 | D:9      | Offered knowledge of Mephitic Cloud by Vehumet.
  7146 | D:10     | Entered Level 10 of the Dungeon
  7155 | D:9      | Reached skill level 10 in Spellcasting
  7229 | D:10     | Found Casohapa's Antique Armour Emporium.
  7288 | D:10     | Bought a shiny shield for 195 gold pieces
  7288 | D:10     | Bought a pair of runed gloves for 195 gold pieces
  7288 | D:10     | Bought an embroidered robe for 96 gold pieces
  7387 | D:10     | Learned a level 3 spell: Mephitic Cloud
  7419 | D:10     | Reached *** piety under Vehumet
  7639 | D:10     | Gained mutation: You are partially covered in thin metallic scales. (AC +2) [potion of mutation]
  7639 | D:10     | Gained mutation: You are partially covered in icy blue scales. (AC +2) [potion of mutation]
  7708 | D:10     | Noticed an eight-headed hydra
  7718 | D:10     | Killed an eight-headed hydra
  7899 | D:10     | Reached XP level 11. HP: 44/62 MP: 20/27
  8051 | D:10     | Offered knowledge of Ignite Poison by Vehumet.
  8194 | D:10     | Found Gysexur's Book Emporium.
  8509 | Lair:1   | Entered Level 1 of the Lair of Beasts
  8708 | Lair:1   | Reached skill level 10 in Fire Magic
  9257 | Lair:2   | Reached **** piety under Vehumet
  9332 | Lair:2   | Reached skill level 5 in Fighting
  9342 | Lair:2   | Found a staircase to the Swamp.
  9373 | Lair:2   | Offered knowledge of Stone Arrow by Vehumet.
  9385 | Lair:2   | Learned a level 3 spell: Stone Arrow
  9422 | Lair:2   | Noticed Prince Ribbit
  9435 | Lair:2   | Killed Prince Ribbit
  9530 | Lair:2   | Reached skill level 10 in Conjurations
 10143 | D:10     | Noticed a two-headed ogre
 10152 | D:10     | Killed a two-headed ogre
 10152 | D:10     | Reached skill level 1 in Earth Magic
 10357 | Lair:3   | Noticed a six-headed hydra
 10366 | Lair:3   | Killed a six-headed hydra
 10477 | Lair:3   | Reached XP level 12. HP: 68/68 MP: 16/30
 11253 | Lair:4   | Noticed Josephine
 11277 | Lair:4   | Killed Josephine
 11277 | Lair:4   | Reached skill level 5 in Earth Magic
 11575 | Lair:4   | Found a staircase to the Snake Pit.
 12409 | Lair:5   | Learned a level 5 spell: Bolt of Magma
 12416 | Lair:5   | Learned a level 6 spell: Iron Shot
 12507 | Lair:5   | Reached ***** piety under Vehumet
 12529 | Lair:5   | Offered knowledge of Iskenderun's Mystic Blast by Vehumet.
 12854 | Lair:5   | Found a staircase to the Slime Pits.
 13485 | Lair:5   | Found an opulent altar of Gozag.
 13544 | Lair:6   | Entered Level 6 of the Lair of Beasts
 13694 | Lair:6   | Noticed a five-headed hydra
 13699 | Lair:6   | Slain by a five-headed hydra

Vault maps used:
D:1:      dpeg_arrival_line_fractal
D:2:      lemuel_crystal_altar, first_bread, trog_three_pillars_becter
D:3:      minmay_crystal_room, nicolae_tso_swordbearing_angel, uniq_robin
D:4:      cheibrodos_fertilizer, nemelex_xobeh_ov_fountains_minmay
D:5:      lemuel_blue_sif_altar, temple_green
D:6:      cheibrodos_helix_gallery, lemuel_doored_altar
D:7:      cheibrodos_ashenzari_chains, grunt_ogre_cave,
          kennysheep_generic_room_2
D:8:      cheibriados_altar_1, dpeg_oklobed_lair, serial_shops,
          kennysheep_little_box
D:9:      nicolae_ru_the_path_less_chosen, zin_angel
D:10:     serial_shops, shop, shop_statue
Temple:   jpeg_temple_clearing
Lair:1:   infiniplex_staircase_pool
Lair:2:   minmay_swamp_entry_swarm, grunt_megastairs_5, uniq_prince_ribbit2
Lair:3:   minmay_hedge_maze, grunt_megastairs_4
Lair:4:   minmay_snake_entry_guardpost_medium, kennysheep_catoblepas_arena,
          lemuel_fruit_fields, serial_bayou_shore_a, uniq_josephine
Lair:5:   minmay_slime_entry_pillars, serial_bayou_pond_d,
          minmay_lair_oklob_items, serial_bayou_pond_e,
          minmay_stone_trees_large, lemuel_centaur_altar, lemuel_fruit_fields
Lair:6:   evilmike_catoblepas_cave

Skill      XL: |  1  2  3  4  5  6  7  8  9 10 11 12 |
---------------+-------------------------------------+-----
Dodging        | 3 4 5 6 7 8 |  8.0
Conjurations   | 2 3 4 6 7 8 10 12 | 12.2
Fighting       | 1 2 3 4 5 |  5.0
Fire Magic     | 4 5 6 8 9 11 | 11.9
Spellcasting   | 4 5 6 7 9 10 12 | 12.6
Shields        | 1 2 3 4 |  4.0
Earth Magic    | 4 8 |  8.2
Stealth        | |  2.4

Action                   |  1- 3 |  4- 6 |  7- 9 | 10-12 || total
-------------------------+-------+-------+-------+-------++-------
Melee: Unarmed           |     1 |       |       |       ||     1
       Dagger            |    12 |       |       |       ||    12
       Short sword       |       |    30 |    76 |    45 ||   151
Throw: Stone             |     2 |     3 |     5 |       ||    10
 Cast: Flame Tongue      |    64 |   117 |   255 |   379 ||   815
       Throw Flame       |     5 |     7 |    47 |    91 ||   150
       Conjure Flame     |       |       |     4 |     4 ||     8
       Sticky Flame      |       |       |    15 |    59 ||    74
       Fireball          |       |       |     4 |    14 ||    18
       Mephitic Cloud    |       |       |       |     2 ||     2
       Stone Arrow       |       |       |       |    40 ||    40
       Bolt of Magma     |       |       |       |     6 ||     6
       Iron Shot         |       |       |       |     6 ||     6
  Use: Scroll            |     2 |     3 |    14 |     8 ||    27
       Potion            |       |       |     7 |     5 ||    12
 Stab: Sleeping          |     2 |     1 |     1 |     1 ||     5
  Eat: Chunk             |     2 |     5 |    13 |    20 ||    40
       Fruit             |       |       |       |     5 ||     5
Armor: Robe              |     2 |    14 |    38 |    45 ||    99
Dodge: Dodged            |    13 |    46 |   113 |   121 ||   293
Block: Buckler           |       |     9 |    31 |    23 ||    63
       Shield            |       |       |       |    30 ||    30
